 Dungeon Crawl Stone Soup version 0.28.0-45-g0d030f2227 (webtiles) character file.

Game seed: 260838196569333722

7037 101zpm the Thaumaturge (level 11, 0/68 HPs)
             Began as a Djinni Ice Elementalist on Apr 14, 2022.
             Was an Initiate of Yredelemnul.
             Engulfed by a cloud of flame (3 damage)
             ... on level 1 of the Orcish Mines on Apr 15, 2022.
             The game lasted 00:59:35 (16538 turns).

101zpm the Thaumaturge (Djinni Ice Elementalist)   Turns: 16538, Time: 00:59:37

Health: 0/68       AC:  2    Str:  7    XL:     11   Next: 29%
Gold:   549        EV: 13    Int: 21    God:    Yredelemnul [......] SH:  0 Dex: 14

rFire   + + +      SeeInvis +   E - +10 falchion
rCold   x . .      Faith    .   (no shield)
rNeg    + . .      Spirit   .   a - +0 robe
rPois   ∞          Reflect  .   (no helmet)
rElec   .          Harm     .   c - scarf {rC+ rF+}
rCorr   .          Rampage  .   (no gloves)
Will    ++...                   (boots unavailable)
Stlth   +++.......              (no amulet)
HPRegen 0.21/turn               s - ring "Ywuaqimycu" {Fire *Slow rN+ Will+ Slay+2}
MPRegen 0.00/turn               t - ring of see invisible

@: freezing walls, flying
A: sickness immunity, fire resistance 2, cold vulnerability 1, float, innate
caster, HP casting, extra vitality 1
a: Renounce Religion, Recall Undead Harvest


You were on level 1 of the Orcish Mines.
You worshipped Yredelemnul.
Yredelemnul was noncommittal.
You visited 3 branches of the dungeon, and saw 12 of its levels.

You collected 549 gold pieces.

Inventory:

Hand Weapons
 w - a +4 spear
 E - a +10 falchion (weapon)
 L - the +5 dagger of Cupalow {flame, +Blink}
   (You found it on level 8 of the Dungeon)

   It burns those it strikes, dealing additional fire damage.
   +Blink:    It lets you blink.
Armour
 a - a +0 robe (worn)
 c - a scarf of resistance (worn)
Magical Staves
 f - a staff of death
 D - a staff of earth
Jewellery
 l - a +4 ring of evasion
 s - the ring "Ywuaqimycu" (left hand) {Fire *Slow rN+ Will+ Slay+2}
   (You found it on level 4 of the Dungeon)

   [ring of fire]

   It enhances your fire magic.
   Slay:      It affects your accuracy & damage with ranged weapons and melee
   (+2).
   rF:        It protects you from fire.
   rC:        It makes you vulnerable to cold.
   rN:        It protects you from negative energy.
   *Slow:     It may slow you when you take damage.
   Will:      It increases your willpower.
 t - a ring of see invisible (right hand)
 N - a ring of protection from fire
Wands
 h - a wand of iceblast (4)
 m - a wand of digging (4)
 p - a wand of mindburst (39)
 C - a wand of acid (10)
 J - a wand of paralysis (17)
Scrolls
 b - 3 scrolls of brand weapon
 d - a scroll of noise {unknown}
 e - 5 scrolls of teleportation
 j - 2 scrolls of blinking
 k - 2 scrolls of immolation
 q - a scroll of identify
 r - 2 scrolls of amnesia
 u - 2 scrolls of fog
 v - a scroll of torment {unknown}
 y - 2 scrolls of silence
 G - 2 scrolls of enchant armour
 H - 2 scrolls of fear
 P - a scroll of magic mapping {unknown}
Potions
 g - 2 potions of haste {unknown}
 i - 2 potions of invisibility {unknown}
 n - 3 potions of attraction
 o - a potion of ambrosia {unknown}
 x - a potion of brilliance {unknown}
 z - a potion of flight {unknown}
 A - a potion of resistance {unknown}
 B - 4 potions of curing
 F - a potion of lignification {unknown}
 I - a potion of degeneration {unknown}
 K - a potion of magic {unknown}
 M - 2 potions of mutation {unknown}
 O - 2 potions of experience {unknown}
Miscellaneous
 Q - a piece from Xom's chessboard (15/15)


   Skills:
 + Level 1.7 Fighting
 + Level 4.1 Dodging
 + Level 3.9 Stealth
 + Level 12.5 Spellcasting
 + Level 0.1 Invocations
 + Level 0.2 Evocations


You had 10 spell levels left.
You knew the following spells:

 Your Spells              Type           Power      Damage    Failure   Level
a - Freeze                Ice            100%       1d11      1%          1
b - Frozen Ramparts       Ice            100%       1d12      1%          3
c - Ozocubu's Armour      Ice            60%        N/A       1%          3
d - Hailstorm             Conj/Ice       60%        3d13      1%          4
e - Slow                  Hex            100%       N/A       1%          1
f - Scorch                Fire           100%       2d10      1%          2
g - Inner Flame           Hex/Fire       78%        N/A       1%          3
h - Iskenderun's Mystic   Conj/Tloc      60%        2d13      1%          4
i - Flame Wave            Conj/Fire      78%        2d14      1%          4
Your spell library was empty.

Dungeon Overview and Level Annotations

Branches:
Dungeon (10/15)            Temple (1/1) D:7            Lair (0/6) D:10
    Orc (1/2) D:10

Altars:
Ashenzari
Cheibriados
Dithmenos
Elyvilon
Fedhas
Gozag
Hepliaklqana
Kikubaaqudgha
Makhleb
Nemelex Xobeh
Okawaru
Qazlal
Ru
Sif Muna
Trog
Uskayaw
Vehumet
Wu Jian
Xom
Yredelemnul
Zin
The Shining One

Shops:
D:1 :=   D:9 !


Innate Abilities, Weirdness & Mutations

You are immune to sickness and miasma.
You are immune to poison.
Your flesh is very heat resistant. (rF++)
You are vulnerable to cold. (rC-)
You float through the air rather than walking.
You learn spells naturally, not from books.
Your magical power is your life essence.
You have superior vitality. (+4 MHP)


Message History

You hear an angry buzzing noise. x2
You start resting.
A killer bee comes into view.
Okay, then.
Casting: Scorch (safe; 1% risk of failure)
Confirm with . or Enter, or press ? or * to list all spells.
Aiming: Inner Flame (safe; 1% risk of failure)
Press: ? - help, Dir - move target, f - killer bee
Aim: a killer bee (wandering, hasn't noticed you, chance to affect: 99%)
You feel a surge of power!
The killer bee buzzes angrily.
The killer bee is filled with an inner flame.
* * * LOW HITPOINT WARNING * * *
Casting: Inner Flame (safe; 1% risk of failure)
Confirm with . or Enter, or press ? or * to list all spells.
Casting: Frozen Ramparts (safe; 1% risk of failure)
Press: ? - help, Dir - look around, f - activate The walls around you are covered in ice.
* * * LOW HITPOINT WARNING * * *
Casting: Scorch (safe; 1% risk of failure)
Press: ? - help, Q - select action, (/) - cycle Dir - look around, f - activate You feel a surge of power!
Flames lash the killer bee.
Flame seeps out of the killer bee.
The killer bee is heavily wounded.
The killer bee's fire resistance burns away.
* * * LOW HITPOINT WARNING * * *
The killer bee is engulfed in blazing flames.
Flame seeps out of the killer bee.
Casting: Scorch (safe; 1% risk of failure)
Press: ? - help, Q - select action, (/) - cycle Dir - look around, f - activate You feel a surge of power!
Flames lash the killer bee.
The killer bee is burned terribly!
* * * LOW HITPOINT WARNING * * *
A black mist starts to gather...
The killer bee explodes!
The fiery explosion engulfs you. You resist.
* * * LOW HITPOINT WARNING * * *
You are engulfed in blazing flames.
You resist.
You die...
Your body rises from the dead as a mindless zombie.

.#.# #...
....##... ##
.....#... .#
#...#...#..####
#..$...)#.>...##
#....§§§)#.....#
##...§§$#....#
......○§§@....#
....##..#Z)...#
##.# ## #....##
#...# ##....##
#....###..#...##
#. #...)..##...##
#...#......#....#
#........#...###
#......#........#


You could see a friendly spectral killer bee.

Vanquished Creatures
  A two-headed ogre (D:10)
  An elephant (D:10)
  A hornet (D:10)
  Grinder (D:3)
  A vampire (D:8)
  A wraith (D:10)
  2 basilisks (D:10)
  3 wyverns
  Menkaure (D:6)
  5 orc warriors
  3 ogres
  2 black bears
  A necrophage (D:6)
  A centaur (D:9)
  A kobold brigand (D:9)
  2 bullfrogs
  A gnoll sergeant (D:9)
  A water moccasin skeleton (D:4)
  2 spectral ogres (Orc:1)
  26 killer bees
  9 wights
  2 jellies
  10 howler monkeys
  A bullfrog zombie (D:6)
  6 orc priests
  3 hounds
  Jessica (D:3)
  4 iguanas
  Ijyb (D:3)
  9 orc wizards
  3 spectral killer bees (Orc:1)
  9 killer bee zombies
  A spectral howler monkey (D:9)
  2 howler monkey zombies
  9 spectral orcs
  11 gnolls
  7 adders
  An orc zombie (D:7)
  A spectral gnoll (D:9)
  2 worms (D:3)
  4 dart slugs
  19 orcs
  3 bats
  7 endoplasms
  5 giant cockroaches
  2 gnoll zombies
  8 hobgoblins
  5 jackals (D:1)
  3 quokkas
  3 ball pythons
  4 frilled lizards
  6 goblins
  15 kobolds
  A kobold zombie (D:9)
  6 rats
240 creatures vanquished.

Vanquished Creatures (collateral kills)
  A steam dragon (D:8)
  A water moccasin (D:5)
  A killer bee (Orc:1)
  A wight (D:8)
  A gnoll (D:4)
  An orc (Orc:1)
  A goblin (D:4)
7 creatures vanquished.

Vanquished Creatures (others)
  A basilisk zombie (D:10)
  A spectral killer bee (Orc:1)
  A spectral orc (D:8)
  A howler monkey zombie (D:8)
  2 adder zombies
  A spectral gnoll (D:4)
  4 gnoll zombies
  A goblin zombie (D:4)
  2 orc zombies
  A quokka zombie (D:4)
  A spectral endoplasm (D:4)
  38 plants (D:1)
54 creatures vanquished.

Grand Total: 301 creatures vanquished

Notes
Turn   | Place    | Note
-------+----------+-------------------------------------------
     0 | D:1      | 101zpm the Djinni Ice Elementalist began the quest for the
                  | Orb.
     0 | D:1      | Reached XP level 1. HP: 15/15 MP: 0/0
   337 | D:1      | Reached XP level 2. HP: 13/21 MP: 0/0
  1143 | D:2      | Reached XP level 3. HP: 15/25 MP: 0/0
  1143 | D:2      | Learned a level 1 spell: Slow
  1294 | D:2      | Reached skill level 4 in Spellcasting
  1699 | D:2      | Reached XP level 4. HP: 25/31 MP: 0/0
  1799 | D:1      | Found Hicin's Book Boutique.
  2371 | D:3      | Noticed Grinder
  2903 | D:1      | Found a faded altar of an unknown god.
  3242 | D:1      | Found Ynemnath's One-of-a-Kind Rings.
  3934 | D:2      | Reached XP level 5. HP: 19/35 MP: 0/0
  3934 | D:2      | Learned a level 2 spell: Scorch
  4681 | D:3      | Noticed Ijyb
  4685 | D:3      | Killed Ijyb
  4686 | D:3      | Reached XP level 6. HP: 9/41 MP: 0/0
  4713 | D:3      | Noticed Jessica
  4989 | D:3      | Killed Jessica
  4990 | D:3      | Reached skill level 5 in Spellcasting
  5078 | D:3      | Killed Grinder
  5079 | D:3      | Reached XP level 7. HP: 14/46 MP: 0/0
  5079 | D:3      | Learned a level 3 spell: Inner Flame
  6155 | D:3      | Found a basalt altar of Yredelemnul.
  6161 | D:3      | Found a burning altar of Makhleb.
  6162 | D:3      | Found a blossoming altar of Fedhas.
  6165 | D:3      | Found an ornate altar of the Wu Jian Council.
  6536 | D:3      | Became a worshipper of Yredelemnul the Dark
  6746 | D:4      | Identified the ring "Ywuaqimycu" {Fire *Slow rN+ Will+
                  | Slay+2}
  6814 | D:4      | Reached * piety under Yredelemnul
  6817 | D:4      | Reached skill level 6 in Spellcasting
  7398 | D:4      | Reached ** piety under Yredelemnul
  7735 | D:5      | Entered Level 5 of the Dungeon
  7776 | D:5      | Reached XP level 8. HP: 45/51 MP: 0/0
  8004 | D:5      | Reached skill level 1 in Fighting
  8378 | D:5      | Reached skill level 7 in Spellcasting
  9227 | D:6      | Reached XP level 9. HP: 43/57 MP: 0/0
  9227 | D:6      | Learned a level 4 spell: Iskenderun's Mystic Blast
  9284 | D:6      | Noticed Menkaure
  9289 | D:6      | Killed Menkaure
  9290 | D:6      | Reached skill level 8 in Spellcasting
 10188 | D:7      | Reached skill level 9 in Spellcasting
 10731 | D:7      | Found a staircase to the Ecumenical Temple.
 11291 | Temple   | Entered the Ecumenical Temple
 11914 | D:8      | Identified the +5 dagger of Cupalow {flame, +Blink}
 12521 | D:8      | Reached XP level 10. HP: 52/62 MP: 0/0
 12540 | D:8      | Reached skill level 10 in Spellcasting
 13354 | D:9      | Found Nalo's Distillery.
 13872 | D:9      | Reached skill level 11 in Spellcasting
 14284 | D:10     | Entered Level 10 of the Dungeon
 14284 | D:10     | Noticed an elephant
 14284 | D:10     | Found a staircase to the Lair.
 14289 | D:10     | Killed an elephant
 14827 | D:10     | Noticed a two-headed ogre
 14835 | D:10     | Killed a two-headed ogre
 14836 | D:10     | Reached skill level 12 in Spellcasting
 14836 | D:10     | Reached XP level 11. HP: 35/68 MP: 0/0
 14836 | D:10     | Learned a level 4 spell: Flame Wave
 15141 | D:10     | Found a staircase to the Orcish Mines.
 15764 | Orc:1    | Entered Level 1 of the Orcish Mines
 16538 | Orc:1    | HP: 3/68 [spore (3)]
 16538 | Orc:1    | Engulfed by a cloud of flame

Illustrated notes

Levels and vault maps discovered:
D:1:      wheals_arrival_linesprint, layout_basic, serial_bayou,
          serial_bayou_pond_a, serial_bayou_shore_b, serial_bayou_pond_b,
          serial_bayou_lagoon_a, serial_shops,
          nicolae_shop_temple_entry_statues_fountains,
          ebering_ecumenical_altar_mist, nicolae_shop_unique_rings
D:2:      layout_basic
D:3:      layout_loops_ring, minitemple, uniq_grinder, uniq_ijyb, uniq_jessica
D:4:      layout_loops_ring, kennysheep_generic_room_5
D:5:      layout_gridville
D:6:      layout_basic, uniq_menkaure
D:7:      layout_basic, minmay_temple_entry_antechambers
D:8:      layout_gridville
D:9:      layout_basic, serial_shops, shop
D:10:     layout_basic, mainiacjoe_overflow_six_doors_small, david_lair_generic,
          orc_0_dummy
Temple:   nicolae_temple_elliptical
Orc:1:    cheibrodos_orc_arena, layout_diamond_mine, serial_shops, shop,
          special_room [special_room_bee], uniq_josephine

Skill      XL: |  1  2  3  4  5  6  7  8  9 10 |
---------------+-------------------------------+-----
Spellcasting   | 4 5 6 7 9 12 | 12.5
Stealth        | 2 3 |  3.9
Dodging        | 3 4 |  4.1
Fighting       | 1 |  1.7
Invocations    | |  0.1
Evocations     | |  0.2

Action                   |  1- 3 |  4- 6 |  7- 9 | 10-12 || total
-------------------------+-------+-------+-------+-------++-------
Melee: Unarmed           |     1 |     1 |       |       ||     2
 Cast: Freeze            |    38 |    47 |       |       ||    85
       Frozen Ramparts   |       |    11 |    44 |    23 ||    78
       Ozocubu's Armour  |       |     4 |    15 |     8 ||    27
       Scorch            |       |     9 |    88 |    78 ||   175
       Slow              |       |       |    39 |    30 ||    69
       Inner Flame       |       |       |     9 |    29 ||    38
       Iskenderun's Myst |       |       |     2 |       ||     2
Invok: Recall Undead Har |       |       |     2 |       ||     2
Evoke: Wand              |       |     2 |       |       ||     2
  Use: Scroll            |       |       |       |    11 ||    11
Armor: Robe              |     6 |     9 |    21 |     3 ||    39
Dodge: Dodged            |    18 |    37 |    34 |     9 ||    98
